 Dungeon Crawl Stone Soup version 0.32-a0-134-gc02fa2a (webtiles) character file.

Game seed: 10083790970721025112

2 Cryptid the Firebug (level 1, 0/13 HPs)
             Began as a Demonspawn Fire Elementalist on Feb 9, 2024.
             Slain by a goblin
             ... wielding a +0 club
              (4 damage)
             ... on level 1 of the Dungeon.
             The game lasted 00:01:58 (79 turns).

Cryptid the Firebug (Demonspawn Fire Elementalist)    Turns: 79, Time: 00:01:59

Health: 0/13       AC:  2    Str:  8    XL:     1   Next: 33%
Magic:  3/3        EV: 12    Int: 15    God:
Gold:   7          SH:  0    Dex: 13    Spells: 3/4 levels left

rFire   . . .        (no weapon)
rCold   . . .        (no shield)
rNeg    . . .        a - +0 robe
rPois   .            (no helmet)
rElec   .            (no cloak)
rCorr   .            (no gloves)
SInv    .            (no boots)
Will    .....        (no amulet)
Stlth   ++           (no ring)
HPRegen 0.22/turn    (no ring)
MPRegen 0.08/turn

%: no passive effects
@: no status effects
A: no striking features
a: no special abilities


You were on level 1 of the Dungeon.
You visited 1 branch of the dungeon, and saw 1 of its levels.

You collected 7 gold pieces.

Inventory:

Armour
 a - a +0 robe (worn)
Potions
 b - a potion of magic


   Skills:
 + Level 1.7 Dodging
 + Level 1.7 Stealth
 + Level 2.0 Spellcasting
 + Level 1.4 Conjurations
 + Level 2.6 Fire Magic


You had 3 spell levels left.
You knew the following spells:

 Your Spells              Type           Power      Damage    Failure   Level
a - Foxfire               Conj/Fire      28%        2x1d5     10%         1

Your spell library contained the following spells:

 Spells                   Type           Power      Damage    Failure   Level
 Scorch                   Fire           18%        2d5       11%         2
 Inner Flame              Hex/Fire       5%         N/A       36%         3
 Volatile Blastmotes      Fire/Tloc      10%        2d10      36%         3
 Flame Wave               Conj/Fire      7%         2d5       67%         4


Dungeon Overview and Level Annotations

Branches:
Dungeon (1/15)

Altars:


Message History

The dart slug is severely wounded.
The dart slug launches a dart at you. The slug dart hits you.
* * * LOW HITPOINT WARNING * * *
The dart slug bites you.
* * * LOW HITPOINT WARNING * * *
You hit the dart slug but do no damage.
The dart slug is severely wounded.
The dart slug barely misses you.
You hit the dart slug.
The dart slug is almost dead.
You hit the dart slug.
You kill the dart slug!
A goblin comes into view. It is wielding a +0 club.
You see here 7 gold pieces.
The goblin shouts!
A quokka comes into view.
You see here 7 gold pieces.
You now have 7 gold pieces.
There are no items here.
The goblin hits you with a +0 club.
* * * LOW HITPOINT WARNING * * *
The goblin attacks as it pursues you! The goblin completely misses you.
The goblin attacks as it pursues you! The goblin hits you but does no damage.
The goblin attacks as it pursues you! The goblin hits you but does no damage.
The goblin attacks as it pursues you! The goblin closely misses you.
The goblin misses you. The goblin attacks as it pursues you!
The goblin hits you with a +0 club. The goblin attacks as it pursues you!
The goblin closely misses you. The goblin barely misses you.
The goblin hits you with a +0 club. The goblin hits you with a +0 club.
* * * LOW HITPOINT WARNING * * *
The goblin attacks as it pursues you! The goblin misses you.
The goblin attacks as it pursues you! The goblin misses you.
The goblin barely misses you.
A bat comes into view.
The goblin attacks as it pursues you! The goblin hits you but does no damage.
The goblin attacks as it pursues you! The goblin hits you with a +0 club.
You die...

##.......##≈≈≈♣~♣≈≈≈≈##..
#.#.#...##≈.P...P..≈####
#.#.#.#..#≈PPP.PPP.≈#
#.#.#.#..#≈.P...P..≈#
#.#......#♣.......♣♣#.
#.#.......~...<.......
#.#b.....#♣.......♣♣#.
####.##.....#≈.P...♣..≈#
#........g@.#≈PPP.♣♣♣.≈#
#######.#####≈.P... .≈#
#... #≈≈≈♣~♣ ≈# #.....##
##.# # ...##.# ..# ....
.. ###..# . ...


You could see a goblin and a bat (asleep).

Vanquished Creatures
  A dart slug (D:1)
1 creature vanquished.

Notes
Turn   | Place    | Note
-------+----------+-------------------------------------------
     0 | D:1      | Cryptid the Demonspawn Fire Elementalist began the quest
                  | for the Orb.
     0 | D:1      | Reached XP level 1. HP: 13/13 MP: 3/3
    79 | D:1      | Slain by a goblin

Illustrated notes

Levels and vault maps discovered:
D:1:      ldierk_walled_garden, layout_basic, serial_shops,
          nicolae_shop_rolling_square

Action                     || total
---------------------------++-------
  Melee: Unarmed           ||    22
         Punch             ||     1
 Armour: Robe              ||    14
  Dodge: Dodged            ||    18

Table legend: (Time is in decaauts)
 A = Elapsed time spent in this place.
 B = Non-inter-level travel time spent in this place.
 C = Inter-level travel time spent in this place.
 D = Time resting spent in this place.
 E = Time spent auto-exploring this place.
 F = Levels seen in this place.
 G = Mean time per level.
                   A        B        C        D        E       F      G
               +--------+--------+--------+--------+--------+-----+--------+
         Total |     79 |     70 |      9 |      0 |      0 |   1 |   79.0 |
       Dungeon |     79 |     70 |      9 |      0 |      0 |   1 |   79.0 |
               +--------+--------+--------+--------+--------+-----+--------+

Top non-repeatable levels by time:
     D:1: 79 daAuts
